 Dungeon Sprint DCSS version 0.29-a0-304-gb34f9e133a (webtiles) character file.

Game seed: 2686680268817620290

373 Conn the Arsonist (level 6, -7/36 HPs)
             Began as an Octopode Fire Elementalist on Mar 26, 2022.
             Was an Elder of Sif Muna.
             Mangled by a gnoll sergeant
             ... wielding a +2 spear of freezing
              (14 damage)
             ... in the Dungeon (Sprint VII: "The Pits").
             The game lasted 00:02:52 (887 turns).

Conn the Arsonist (Octopode Fire Elementalist)       Turns: 887, Time: 00:02:54

Health: -7/36      AC:  1    Str:  7    XL:     6   Next: 72%
Magic:  5/15       EV: 14    Int: 20    God:    Sif Muna [****..]
Gold:   0          SH:  0    Dex: 12    Spells: 5/18 levels left

rFire   . . .      SeeInvis .   k - +2 dagger (elec)
rCold   . . .      Faith    .   (no shield)
rNeg    . . .      Spirit   .   (helmet restricted)
rPois   .          Reflect  .   (no amulet)
rElec   .          Harm     .   (no ring)
rCorr   .          Rampage  .   (no ring)
Will    .....      NoTele   +   (no ring)
Stlth   ++++......              (no ring)
HPRegen 0.12/turn               (no ring)
MPRegen 0.14/turn               (no ring)
                                (no ring)
                                (no ring)

@: no status effects
A: almost no armour, amphibious, 8 rings, camouflage 1, gelatinous body 1,
(nimble swimmer 1), tentacles
a: Renounce Religion, Channel Magic, Forget Spell, Divine Exegesis


You were in the Dungeon.
You worshipped Sif Muna.
Sif Muna was greatly pleased with you.
You visited 1 branch

Inventory:

Hand Weapons
 g - a +2 dagger
 k - a +2 dagger of electrocution (weapon)
Scrolls
 f - a scroll of blinking
 i - 5 scrolls of amnesia
 j - a scroll of summoning
Potions
 a - 5 potions of magic
 b - 6 potions of curing
 c - 6 potions of heal wounds
 d - a potion of haste
 e - 3 potions of berserk rage
 h - 2 potions of invisibility


   Skills:
 + Level 0.2 Fighting
 + Level 1.6 Short Blades
 + Level 4.1 Dodging
 + Level 7.2 Stealth
 + Level 6.7 Spellcasting
 + Level 4.2 Conjurations
 + Level 0.5 Hexes
 + Level 9.6 Fire Magic


You had 5 spell levels left.
You knew the following spells:

 Your Spells              Type           Power      Damage    Failure   Level
a - Foxfire               Conj/Fire      100%       2x1d9     1%          1
b - Conjure Flame         Conj/Fire      34%        6-21      1%          3
c - Inner Flame           Hex/Fire       27%        N/A       3%          3
d - Flame Wave            Conj/Fire      34%        2d8       5%          4
e - Scorch                Fire           90%        2d9       1%          2

Your spell library contained the following spells:

 Spells                   Type           Power      Damage    Failure   Level


Dungeon Overview and Level Annotations

Branches:
Dungeon (1/1)

Altars:
Ashenzari
Cheibriados
Dithmenos
Elyvilon
Fedhas
Gozag
Hepliaklqana
Kikubaaqudgha
Makhleb
Nemelex Xobeh
Okawaru
Qazlal
Ru
Sif Muna
Trog
Uskayaw
Vehumet
Wu Jian
Xom
Yredelemnul
Zin
The Shining One
Beogh
Jiyva
Lugonu


Innate Abilities, Weirdness & Mutations

You cannot wear most types of armour.
You are amphibious.
You can wear up to eight rings at the same time.
Your skin changes colour to match your surroundings (Stealth+).
Your rubbery body absorbs attacks. (AC +1, EV +1)
((You are camouflaged when in or above water. (Stealth+)))
You have tentacles for arms and can constrict up to eight enemies at once.


Message History

The gnoll sergeant shouts!
There is an open door here.
Casting: Foxfire (safe; 1% risk of failure)
Confirm with . or Enter, or press ? or * to list all spells.
You conjure some foxfire!
Unknown command.
The foxfire hits the gnoll sergeant.
The gnoll sergeant is moderately wounded.
Things that are here:
a +0 club; a gnoll corpse Unknown command.
Casting: Foxfire (safe; 1% risk of failure)
Confirm with . or Enter, or press ? or * to list all spells.
You conjure some foxfire!
The foxfire hits the gnoll sergeant.
The gnoll sergeant is heavily wounded.
The gnoll sergeant hits you from afar with a +2 spear of freezing!
The gnoll sergeant freezes you.
Unknown command.
Casting: Foxfire (safe; 1% risk of failure)
Confirm with . or Enter, or press ? or * to list all spells.
You conjure some foxfire!
The gnoll sergeant barely misses you.
Unknown command.
The foxfire hits the gnoll sergeant.
The gnoll sergeant is severely wounded.
The foxfire hits the gnoll sergeant.
The gnoll sergeant is almost dead.
The foxfire hits the gnoll sergeant but does no damage.
The gnoll sergeant is almost dead.
The foxfire hits the gnoll sergeant but does no damage.
The gnoll sergeant is almost dead.
The gnoll sergeant hits you from afar with a +2 spear of freezing!
The gnoll sergeant freezes you.
* * * LOW HITPOINT WARNING * * *
Casting: Foxfire (safe; 1% risk of failure)
Confirm with . or Enter, or press ? or * to list all spells.
Flames lash the gnoll sergeant.
The gnoll sergeant is almost dead.
The gnoll sergeant's fire resistance burns away.
The gnoll sergeant hits you from afar with a +2 spear of freezing!
You die...

#.?(.')))'.##......#
##########.##.......
#..).......)'[......
#'#####'#####......#
#.#..#..#..##.......
#.#..'..#))#####'###
#g#..####))##.......
#.#§§#.)#).##.......
#5#@§#..#[[##.......
#o##'#§.#'###...<...
#.#..g.....##.......
#.#........##.......
#'###########.......
#)g ######## #g..
#g..# #..##


You could see a gnoll sergeant (combustible).

Vanquished Creatures
  A flying skull (D)
  A floating eye (D)
  An orc priest (D)
  An adder (D)
  5 gnolls (D)
  A river rat (D)
  An ufetubus (D)
  2 bats (D)
  A giant cockroach (D)
  2 hobgoblins (D)
  A kobold (D)
  A ball python zombie (D)
18 creatures vanquished.

Vanquished Creatures (others)
  47 foxfires (D)
47 creatures vanquished.

Grand Total: 65 creatures vanquished

Notes
Turn   | Place    | Note
-------+----------+-------------------------------------------
     0 | D        | Conn the Octopode Fire Elementalist began the quest for the
                  | Orb.
     0 | D        | Reached XP level 1. HP: 11/11 MP: 3/3
   129 | D        | Found a bloodstained altar of Trog.
   129 | D        | Found a shimmering blue altar of Sif Muna.
   129 | D        | Found a viscous altar of Jiyva.
   129 | D        | Found a hazy altar of Hepliaklqana.
   129 | D        | Found an opulent altar of Gozag.
   130 | D        | Found a glowing golden altar of the Shining One.
   130 | D        | Found a glowing silver altar of Zin.
   130 | D        | Found a basalt altar of Yredelemnul.
   130 | D        | Found a shimmering altar of Xom.
   130 | D        | Found an ornate altar of the Wu Jian Council.
   130 | D        | Found a sacrificial altar of Ru.
   130 | D        | Found a stormy altar of Qazlal.
   130 | D        | Found an iron altar of Okawaru.
   130 | D        | Found a sparkling altar of Nemelex Xobeh.
   130 | D        | Found a burning altar of Makhleb.
   130 | D        | Found a blossoming altar of Fedhas.
   130 | D        | Found a white marble altar of Elyvilon.
   130 | D        | Found a shadowy altar of Dithmenos.
   130 | D        | Found a snail-covered altar of Cheibriados.
   132 | D        | Found a corrupted altar of Lugonu.
   132 | D        | Found a radiant altar of Vehumet.
   133 | D        | Found an ancient bone altar of Kikubaaqudgha.
   133 | D        | Found a hide-covered altar of Uskayaw.
   133 | D        | Found a broken altar of Ashenzari.
   134 | D        | Became a worshipper of Sif Muna the Loreminder
   153 | D        | Reached skill level 4 in Fire Magic
   153 | D        | Reached XP level 2. HP: 10/17 MP: 0/5
   415 | D        | Learned a level 2 spell: Scorch
   420 | D        | Reached * piety under Sif Muna
   424 | D        | Reached skill level 5 in Fire Magic
   425 | D        | Reached XP level 3. HP: 21/21 MP: 2/7
   473 | D        | Noticed a floating eye
   478 | D        | Reached ** piety under Sif Muna
   526 | D        | Noticed a flying skull
   528 | D        | Paralysed by a floating eye for 2 turns
   534 | D        | Paralysed by a floating eye for 2 turns
   535 | D        | Killed a floating eye
   536 | D        | Reached skill level 5 in Stealth
   536 | D        | Reached skill level 7 in Fire Magic
   536 | D        | Reached XP level 4. HP: 27/27 MP: 4/10
   536 | D        | Reached XP level 5. HP: 31/31 MP: 4/12
   602 | D        | Learned a level 3 spell: Conjure Flame
   606 | D        | Learned a level 3 spell: Inner Flame
   611 | D        | Learned a level 4 spell: Flame Wave
   617 | D        | Killed a flying skull
   618 | D        | Reached skill level 1 in Short Blades
   618 | D        | Reached skill level 9 in Fire Magic
   618 | D        | Reached XP level 6. HP: 36/36 MP: 13/15
   678 | D        | Reached *** piety under Sif Muna
   740 | D        | Reached **** piety under Sif Muna
   887 | D        | Mangled by a gnoll sergeant

Illustrated notes

Levels and vault maps discovered:
D:        pitsprint [storerooms_1, entrance_room_1, metal_vault_8, armoury_3,
          mini_pit_1, grid_room_1, main_hall_1, silver_pit, the_coven_1,
          the_vestibule_1, steel_vault_5, golden_pit, hallway_of_sentries,
          crystal_vault_2, iron_vault_4, final_vault]

Skill      XL: |  1  2  3  4  5  6 |
---------------+-------------------+-----
Stealth        | 3 5 6 7 |  7.2
Fire Magic     | 4 5 7 9 |  9.6
Spellcasting   | 3 4 6 |  6.7
Dodging        | 3 4 |  4.1
Conjurations   | 2 3 4 |  4.2
Short Blades   | 1 |  1.6
Fighting       | |  0.2
Hexes          | |  0.5

Action                   |  1- 3 |  4- 6 || total
-------------------------+-------+-------++-------
Melee: Unarmed           |     5 |       ||     5
       Dagger            |     4 |     3 ||     7
       Constrict         |     2 |     1 ||     3
       Tentacles         |     1 |       ||     1
 Cast: Foxfire           |    12 |    16 ||    28
       Scorch            |       |     4 ||     4
       Inner Flame       |       |     2 ||     2
       Conjure Flame     |       |     1 ||     1
 Stab: Sleeping          |     1 |     2 ||     3
Armor: Skin              |     2 |       ||     2
Dodge: Dodged            |     7 |     7 ||    14

Table legend: (Time is in decaauts)
 A = Elapsed time spent in this place.
 B = Non-inter-level travel time spent in this place.
 C = Inter-level travel time spent in this place.
 D = Time resting spent in this place.
 E = Time spent auto-exploring this place.
 F = Levels seen in this place.
 G = Mean time per level.
                   A        B        C        D        E       F      G
               +--------+--------+--------+--------+--------+-----+--------+
         Total |    885 |    885 |      0 |    606 |      0 |   1 |  885.0 |
       Dungeon |    885 |    885 |      0 |    606 |      0 |   1 |  885.0 |
               +--------+--------+--------+--------+--------+-----+--------+

Top non-repeatable levels by time:
       D: 885 daAuts
